Workbook
Name Constr: '02-01-01'!$A$7
Name Constr: '02-01-02'!$A$7
Name Constr: '02-01-03'!$A$7
Name Constr: '06-02-04'!$A$7
Name FOT: '02-01-01'!$D$19
Name FOT: '02-01-02'!$D$20
Name FOT: '02-01-03'!$D$19
Name FOT: '06-02-04'!$D$20
Name Ind: '02-01-01'!$H$9
Name Ind: '02-01-02'!$H$9
Name Ind: '02-01-03'!$H$9
Name Ind: '06-02-04'!$H$9
Name Obj: '02-01-01'!$E$12
Name Obj: '02-01-02'!$E$12
Name Obj: '02-01-03'!$E$12
Name Obj: '06-02-04'!$E$12
Name Obosn: '02-01-01'!$D$15
Name Obosn: '02-01-02'!$D$15
Name Obosn: '02-01-03'!$D$15
Name Obosn: '06-02-04'!$D$15
Name SmPr: '02-01-01'!$D$16
Name SmPr: '02-01-02'!$D$16
Name SmPr: '02-01-03'!$D$16
Name SmPr: '06-02-04'!$D$16
Name аааааппппппрррппппппп: #REF!
Name аараооооооооооооо: #REF!
Name автом: #REF!
Name алшрльоплварл: #REF!
Name аолвлддддддддддддддддввввввввв: #REF!
Name апарв: #REF!
Name апрлдджаоырыфрпопрлпрлпрлп: #REF!
Name арлггаджаш: #REF!
Name ароррбллтблпроорапииас: #REF!
Name арррррблллпдрлдддддддддд: #REF!
Name варпаааааааааа: #REF!
Name ввпьььььлднд: #REF!
Name вед: #REF!
Name вертикальная: #REF!
Name вертикплан: #REF!
Name волен: #REF!
Name вп: #REF!
Name впырпфдыпл: #REF!
Name впьглорьтитттттттттт: #REF!
Name всввввввввввввввввввввввввв: #REF!
Name выб: #REF!
Name выпуск: #REF!
Name выьлепвввввпмп: #REF!
Name еваопродолжэрщэрзшщщх: #REF!
Name измен: #REF!
Name итого: #REF!
Name итого_сантех: #REF!
Name итого_сантех: #REF!
Name итого_стр: #REF!
Name итого_строит: НМЦ!#REF!
Name итого_строит: #REF!
Name итого_технол: #REF!
Name итого_технол: #REF!
Name итого_электр: #REF!
Name итого_электр: #REF!
Name квота: #REF!

Sheet 02-01-01
A1: СОГЛАСОВАНО: | M1: УТВЕРЖДАЮ:
A4: _________________ | M4: _________________
A5: " _____ " ________________ 2013 г. | M5: "____" ______________2013 г.
H6: 049-12-00 Газоснабжение водогрейных котлов лесосушильных комплексов СМ-15, г.Лесной
H7: (наименование стройки)
H9: ЛОКАЛЬНЫЙ СМЕТНЫЙ РАСЧЕТ № ЛСР 02-01-01
H10: (локальная смета)
C12: на | D12: Газоснабжение (внутренние устройства)
H13: (наименование работ и затрат, наименование объекта)
D15: Основание: 049-12-00-ГСВ
D16: Сметная стоимость _______________________________________________________________________________________________ | J16: ___________________________9,795 | L16: тыс. руб.
D17: строительных работ _______________________________________________________________________________________________ | J17: _______________________________________________________________________________________________9,469 | L17: тыс. руб.
D18: монтажных работ _______________________________________________________________________________________________ | J18: _______________________________________________________________________________________________0,326 | L18: тыс. руб.
D19: Средства на оплату труда _______________________________________________________________________________________________ | J19: ___________________________0,835 | L19: тыс. руб.
D20: Сметная трудоемкость _______________________________________________________________________________________________ | J20: _______________________________________________________________________________________________57,45 | L20: чел.час
D21: Составлен(а) в ценах по состоянию на 01.01.2001г.
A24: № пп | B24: Обосно- вание | C24: Наименование | D24: Ед. изм. | E24: Кол. на ед./ всего | F24: Стоимость единицы, руб. | J24: Общая стоимость, руб. | N24: Т/з осн. раб.на ед. | O24: Т/з осн. раб. Всего | P24: Т/з мех. на ед. | Q24: Т/з мех. Всего
F25: Всего | G25: В том числе | J25: Всего | K25: В том числе
G26: Осн.З/п | H26: Эк.Маш | I26: З/пМех | K26: Осн.З/п | L26: Эк.Маш | M26: З/пМех
A27: 1 | B27: 2 | C27: 3 | D27: 4 | E27: 5 | F27: 6 | G27: 7 | H27: 8 | I27: 9 | J27: 10 | K27: 11 | L27: 12 | M27: 13 | N27: 14 | O27: 15 | P27: 16 | Q27: 17
A28: Раздел 1. Общестроительные работы
A29: 1 | B29: ТЕРм12-12-003-03 Постан.Правит.Свердл.обл. от 10.11.10 №1616-ПП | C29: Арматура фланцевая с электрическим приводом на условное давление до 4 МПа, диаметр условного прохода 50 мм НР (101,8 руб.): 80% от ФОТ (127,25 руб.) СП (76,35 руб.): 60% от ФОТ (127,25 руб.) | D29: 1 шт. | E29: 2 | F29: 71.41 | G29: 60.98 | H29: 4.37 | J29: 142.82 | K29: 121.96 | L29: 8.74 | N29: 4.5 | O29: 9
C30: Затраты труда рабочих (ср 4) | D30: чел.час | E30: 4,5 9 | F30: 13.55 | G30: 13.55 | J30: 121.95 | K30: 121.95
B31: 1. 400001 | C31: Автомобили бортовые, грузоподъемность до 5 т | D31: маш.-ч | E31: 0,04 0,08 | F31: 109.17 | H31: 109.17 | J31: 8.73 | L31: 8.73
B32: 2. 101-1703 | C32: Прокладки резиновые (пластина техническая прессованная) | D32: кг | E32: 0,08 0,16 | F32: 24.75 | J32: 3.96
B33: 3. 101-1977 | C33: Болты с гайками и шайбами строительные | D33: кг | E33: 0,17 0,34 | F33: 16.8 | J33: 5.71
B34: 4. 999-9950 | C34: Вспомогательные ненормируемые ресурсы | D34: руб. | E34: 1,22 2,44 | F34: 1 | J34: 2.44
A35: 2 | B35: ТСЦ-301-0735 Постан.Правит.Свердл.обл. от 10.11.10 №1616-ПП | C35: Клапан термозапорный, марка КТЗ 001-50 Р | D35: шт. | E35: 1 | F35: 879.02 | J35: 879.02
A36: 3 | B36: ТЕР16-05-001-02 Постан.Правит.Свердл.обл. от 10.11.10 №1616-ПП | C36: Установка вентилей, задвижек, затворов, клапанов обратных, кранов проходных на трубопроводах из стальных труб диаметром: до 50 мм НР (150,57 руб.): 128% от ФОТ (117,63 руб.) СП (97,63 руб.): 83% от ФОТ (117,63 руб.) | D36: 1 шт. | E36: 6 2+2+2 | F36: 138.58 | G36: 18.79 | H36: 5.32 | J36: 831.48 | K36: 112.74 | L36: 31.92 | N36: 1.47 | O36: 8.82
C37: Затраты труда рабочих (ср 3,5) | D37: чел.час | E37: 1,47 8,82 | F37: 12.78 | G37: 12.78 | J37: 112.72 | K37: 112.72
B38: 1. 040502 | C38: Установки для сварки ручной дуговой (постоянного тока) | D38: маш.-ч | E38: 0,35 2,1 | F38: 8.97 | H38: 8.97 | J38: 18.84 | L38: 18.84
B39: 2. 400001 | C39: Автомобили бортовые, грузоподъемность до 5 т | D39: маш.-ч | E39: 0,02 0,12 | F39: 109.17 | H39: 109.17 | J39: 13.1 | L39: 13.1
B40: 3. 101-1522 | C40: Электроды диаметром 5 мм Э42А | D40: т | E40: 0,00014 0,00084 | F40: 11130.07 | J40: 9.35
B41: 4. 101-2576 | C41: Болты с гайками и шайбами для санитарно-технических работ диаметром 16 мм | D41: т | E41: 0,0011 0,0066 | F41: 19992 | J41: 131.95
B42: 5. 507-0983 | C42: Фланцы стальные плоские приварные из стали ВСт3сп2, ВСт3сп3, давлением 1,0 МПа (10 кгс/см2), диаметром 50 мм | D42: шт. | E42: 2 12 | F42: 44.03 | J42: 528.36
B43: 6. 509-0966 | C43: Прокладки из паронита марки ПМБ, толщиной 1 мм, диаметром 50 мм | D43: 1000 шт. | E43: 0,002 0,012 | F43: 1428 | J43: 17.14
A44: 4 | B44: ТСЦ-302-1834 Постан.Правит.Свердл.обл. от 10.11.10 №1616-ПП | C44: Кран шаровой муфтовый 11Б27П1, диаметром 32 мм | D44: шт. | E44: 4 | F44: 117.5 | J44: 470
A45: 5 | B45: ТСЦ-301-3348 Постан.Правит.Свердл.обл. от 10.11.10 №1616-ПП применительно | C45: Заглушки стальные для труб диаметром 50 мм | D45: шт. | E45: 2 | F45: 10.8 | J45: 21.6
A46: 6 | B46: ТСЦ-302-1831 Постан.Правит.Свердл.обл. от 10.11.10 №1616-ПП | C46: Кран шаровой муфтовый 11Б27П1, диаметром 15 мм | D46: шт. | E46: 3 | F46: 25.14 | J46: 75.42
A47: 7 | B47: ТСЦ-302-1832 Постан.Правит.Свердл.обл. от 10.11.10 №1616-ПП | C47: Кран шаровой муфтовый 11Б27П1, диаметром 20 мм | D47: шт. | E47: 5 | F47: 39.32 | J47: 196.6
A48: 8 | B48: ТСЦ-103-0129 Постан.Правит.Свердл.обл. от 10.11.10 №1616-ПП | C48: Трубы стальные электросварные прямошовные со снятой фаской из стали марок БСт2кп-БСт4кп и БСт2пс-БСт4пс наружный диаметр 20 мм, толщина стенки 2 мм | D48: м | E48: 0.42 | F48: 10.16 | J48: 4.27
A49: 9 | B49: ТЕР16-02-004-01 Постан.Правит.Свердл.обл. от 10.11.10 №1616-ПП | C49: Прокладка трубопроводов отопления и газоснабжения из стальных бесшовных труб диаметром: 50 мм НР (89,8 руб.): 128% от ФОТ (70,16 руб.) СП (58,23 руб.): 83% от ФОТ (70,16 руб.) | D49: 100 м трубопровода | E49: 0,08 8/100 | F49: 7249.68 | G49: 837.02 | H49: 157.48 | I49: 3.46 | J49: 579.97 | K49: 66.96 | L49: 12.6 | M49: 0.28 | N49: 60.83 | O49: 4.87 | P49: 0.19 | Q49: 0.02
C50: Затраты труда рабочих (ср 4,1) | D50: чел.час | E50: 60,83 4,87 | F50: 13.76 | G50: 13.76 | J50: 67.01 | K50: 67.01
B51: 1. 020129 | C51: Краны башенные при работе на других видах строительства 8 т | D51: маш.-ч | E51: 0,12 0,01 | F51: 255.96 | H51: 255.96 | I51: 18.2 | J51: 2.56 | L51: 2.56 | M51: 0.18
B52: 2. 021141 | C52: Краны на автомобильном ходу при работе на других видах строительства 10 т | D52: маш.-ч | E52: 0,07 0,01 | F52: 127.47 | H52: 127.47 | I52: 18.2 | J52: 1.27 | L52: 1.27 | M52: 0.18
B53: 3. 040504 | C53: Аппарат для газовой сварки и резки | D53: маш.-ч | E53: 18,44 1,48 | F53: 1.24 | H53: 1.24 | J53: 1.84 | L53: 1.84
B54: 4. 400001 | C54: Автомобили бортовые, грузоподъемность до 5 т | D54: маш.-ч | E54: 0,87 0,07 | F54: 109.17 | H54: 109.17 | J54: 7.64 | L54: 7.64
B55: 5. 101-0324 | C55: Кислород технический газообразный | D55: м3 | E55: 0,35 0,028 | F55: 11.89 | J55: 0.33
B56: 6. 101-0807 | C56: Проволока сварочная легированная диаметром 4 мм | D56: т | E56: 0,0002 1,6E-5 | F56: 11328.8 | J56: 0.18
B57: 7. 101-1602 | C57: Ацетилен газообразный технический | D57: м3 | E57: 0,32 0,0256 | F57: 85 | J57: 2.18
B58: 8. 302-3288 | C58: Трубопроводы из стальных бесшовных труб с гильзами для отопления и газоснабжения диаметром 50 мм | D58: м | E58: 100 8 | F58: 62.02 | J58: 496.16
B59: 9. 402-0006 | C59: Раствор готовый кладочный цементный марки 200 | D59: м3 | E59: 0,008 0,00064 | F59: 763.06 | J59: 0.49
B60: 10. 405-1601 | C60: Известь строительная негашеная хлорная, марки А | D60: кг | E60: 0,0099 0,000792 | F60: 2.38
B61: 11. 411-0001 | C61: Вода | D61: м3 | E61: 2,75 0,22 | F61: 4.88 | J61: 1.07
A62: 10 | B62: ТЕР16-02-003-01 Постан.Правит.Свердл.обл. от 10.11.10 №1616-ПП | C62: Прокладка трубопроводов газоснабжения из стальных водогазопроводных неоцинкованных труб диаметром: 15 мм НР (8,44 руб.): 128% от ФОТ (6,59 руб.) СП (5,47 руб.): 83% от ФОТ (6,59 руб.) | D62: 100 м трубопровода | E62: 0,015 1,5/100 | F62: 3895.32 | G62: 418.83 | H62: 82.62 | I62: 2.73 | J62: 58.43 | K62: 6.28 | L62: 1.24 | M62: 0.04 | N62: 30.91 | O62: 0.46 | P62: 0.15
C63: Затраты труда рабочих (ср 4) | D63: чел.час | E63: 30,91 0,46 | F63: 13.55 | G63: 13.55 | J63: 6.23 | K63: 6.23
B64: 1. 020129 | C64: Краны башенные при работе на других видах строительства 8 т | D64: маш.-ч | E64: 0,08 | F64: 255.96 | H64: 255.96 | I64: 18.2
B65: 2. 021141 | C65: Краны на автомобильном ходу при работе на других видах строительства 10 т | D65: маш.-ч | E65: 0,07 | F65: 127.47 | H65: 127.47 | I65: 18.2
B66: 3. 040504 | C66: Аппарат для газовой сварки и резки | D66: маш.-ч | E66: 4,18 0,06 | F66: 1.24 | H66: 1.24 | J66: 0.07 | L66: 0.07
B67: 4. 400001 | C67: Автомобили бортовые, грузоподъемность до 5 т | D67: маш.-ч | E67: 0,44 0,01 | F67: 109.17 | H67: 109.17 | J67: 1.09 | L67: 1.09
B68: 5. 101-0063 | C68: Ацетилен растворенный технический марки А | D68: т | E68: 0,00019 2,85E-6 | F68: 71400 | J68: 0.2
B69: 6. 101-0324 | C69: Кислород технический газообразный | D69: м3 | E69: 0,18 0,0027 | F69: 11.89 | J69: 0.03
B70: 7. 101-0388 | C70: Краски масляные земляные марки МА-0115 мумия, сурик железный | D70: т | E70: 0,00044 6,6E-6 | F70: 16871.82 | J70: 0.11
B71: 8. 101-0628 | C71: Олифа комбинированная, марки К-3 | D71: т | E71: 0,00053 7,95E-6 | F71: 20706 | J71: 0.16
B72: 9. 101-0807 | C72: Проволока сварочная легированная диаметром 4 мм | D72: т | E72: 0,001 1,5E-5 | F72: 11328.8 | J72: 0.17
B73: 10. 101-1669 | C73: Очес льняной | D73: кг | E73: 0,03 0,00045 | F73: 40.45 | J73: 0.02
B74: 11. 302-1311 | C74: Трубопроводы из стальных водогазопроводных неоцинкованных труб с гильзами и креплениями для газоснабжения диаметром 15 мм | D74: м | E74: 100 1,5 | F74: 33.46 | J74: 50.19
B75: 12. 405-1601 | C75: Известь строительная негашеная хлорная, марки А | D75: кг | E75: 0,0009 1,35E-5 | F75: 2.38
B76: 13. 411-0001 | C76: Вода | D76: м3 | E76: 0,25 0,00375 | F76: 4.88 | J76: 0.02
A77: 11 | B77: ТЕР16-02-003-02 Постан.Правит.Свердл.обл. от 10.11.10 №1616-ПП | C77: Прокладка трубопроводов газоснабжения из стальных водогазопроводных неоцинкованных труб диаметром: 20 мм НР (135,13 руб.): 128% от ФОТ (105,57 руб.) СП (87,62 руб.): 83% от ФОТ (105,57 руб.) | D77: 100 м трубопровода | E77: 0,24 24/100 | F77: 4338.25 | G77: 418.83 | H77: 82.62 | I77: 2.73 | J77: 1041.18 | K77: 100.52 | L77: 19.83 | M77: 0.66 | N77: 30.91 | O77: 7.42 | P77: 0.15 | Q77: 0.04
C78: Затраты труда рабочих (ср 4) | D78: чел.час | E78: 30,91 7,42 | F78: 13.55 | G78: 13.55 | J78: 100.54 | K78: 100.54
B79: 1. 020129 | C79: Краны башенные при работе на других видах строительства 8 т | D79: маш.-ч | E79: 0,08 0,02 | F79: 255.96 | H79: 255.96 | I79: 18.2 | J79: 5.12 | L79: 5.12 | M79: 0.36
B80: 2. 021141 | C80: Краны на автомобильном ходу при работе на других видах строительства 10 т | D80: маш.-ч | E80: 0,07 0,02 | F80: 127.47 | H80: 127.47 | I80: 18.2 | J80: 2.55 | L80: 2.55 | M80: 0.36
B81: 3. 040504 | C81: Аппарат для газовой сварки и резки | D81: маш.-ч | E81: 4,18 1 | F81: 1.24 | H81: 1.24 | J81: 1.24 | L81: 1.24
B82: 4. 400001 | C82: Автомобили бортовые, грузоподъемность до 5 т | D82: маш.-ч | E82: 0,44 0,11 | F82: 109.17 | H82: 109.17 | J82: 12.01 | L82: 12.01
B83: 5. 101-0063 | C83: Ацетилен растворенный технический марки А | D83: т | E83: 0,00019 4,56E-5 | F83: 71400 | J83: 3.26
B84: 6. 101-0324 | C84: Кислород технический газообразный | D84: м3 | E84: 0,18 0,0432 | F84: 11.89 | J84: 0.51
B85: 7. 101-0388 | C85: Краски масляные земляные марки МА-0115 мумия, сурик железный | D85: т | E85: 0,00044 0,0001056 | F85: 16871.82 | J85: 1.78
B86: 8. 101-0628 | C86: Олифа комбинированная, марки К-3 | D86: т | E86: 0,00053 0,0001272 | F86: 20706 | J86: 2.63
B87: 9. 101-0807 | C87: Проволока сварочная легированная диаметром 4 мм | D87: т | E87: 0,001 0,00024 | F87: 11328.8 | J87: 2.72
B88: 10. 101-1669 | C88: Очес льняной | D88: кг | E88: 0,03 0,0072 | F88: 40.45 | J88: 0.29
B89: 11. 302-1312 | C89: Трубопроводы из стальных водогазопроводных неоцинкованных труб с гильзами и креплениями для газоснабжения диаметром 20 мм | D89: м | E89: 100 24 | F89: 37.88 | J89: 909.12
B90: 12. 405-1601 | C90: Известь строительная негашеная хлорная, марки А | D90: кг | E90: 0,0016 0,000384 | F90: 2.38
B91: 13. 411-0001 | C91: Вода | D91: м3 | E91: 0,44 0,1056 | F91: 4.88 | J91: 0.52
A92: 12 | B92: ТЕР16-02-003-04 Постан.Правит.Свердл.обл. от 10.11.10 №1616-ПП | C92: Прокладка трубопроводов газоснабжения из стальных водогазопроводных неоцинкованных труб диаметром: 32 мм НР (33,78 руб.): 128% от ФОТ (26,39 руб.) СП (21,9 руб.): 83% от ФОТ (26,39 руб.) | D92: 100 м трубопровода | E92: 0,06 6/100 | F92: 5126.62 | G92: 418.83 | H92: 82.62 | I92: 2.73 | J92: 307.6 | K92: 25.13 | L92: 4.96 | M92: 0.16 | N92: 30.91 | O92: 1.85 | P92: 0.15 | Q92: 0.01
C93: Затраты труда рабочих (ср 4) | D93: чел.час | E93: 30,91 1,85 | F93: 13.55 | G93: 13.55 | J93: 25.07 | K93: 25.07
B94: 1. 020129 | C94: Краны башенные при работе на других видах строительства 8 т | D94: маш.-ч | E94: 0,08 | F94: 255.96 | H94: 255.96 | I94: 18.2
B95: 2. 021141 | C95: Краны на автомобильном ходу при работе на других видах строительства 10 т | D95: маш.-ч | E95: 0,07 | F95: 127.47 | H95: 127.47 | I95: 18.2
B96: 3. 040504 | C96: Аппарат для газовой сварки и резки | D96: маш.-ч | E96: 4,18 0,25 | F96: 1.24 | H96: 1.24 | J96: 0.31 | L96: 0.31
B97: 4. 400001 | C97: Автомобили бортовые, грузоподъемность до 5 т | D97: маш.-ч | E97: 0,44 0,03 | F97: 109.17 | H97: 109.17 | J97: 3.28 | L97: 3.28
B98: 5. 101-0063 | C98: Ацетилен растворенный технический марки А | D98: т | E98: 0,00019 1,14E-5 | F98: 71400 | J98: 0.81
B99: 6. 101-0324 | C99: Кислород технический газообразный | D99: м3 | E99: 0,18 0,0108 | F99: 11.89 | J99: 0.13
B100: 7. 101-0388 | C100: Краски масляные земляные марки МА-0115 мумия, сурик железный | D100: т | E100: 0,00044 2,64E-5 | F100: 16871.82 | J100: 0.45
B101: 8. 101-0628 | C101: Олифа комбинированная, марки К-3 | D101: т | E101: 0,00053 3,18E-5 | F101: 20706 | J101: 0.66
B102: 9. 101-0807 | C102: Проволока сварочная легированная диаметром 4 мм | D102: т | E102: 0,001 6E-5 | F102: 11328.8 | J102: 0.68
B103: 10. 101-1669 | C103: Очес льняной | D103: кг | E103: 0,03 0,0018 | F103: 40.45 | J103: 0.07
B104: 11. 302-1314 | C104: Трубопроводы из стальных водогазопроводных неоцинкованных труб с гильзами и креплениями для газоснабжения диаметром 32 мм | D104: м | E104: 100 6 | F104: 45.73 | J104: 274.38
B105: 12. 405-1601 | C105: Известь строительная негашеная хлорная, марки А | D105: кг | E105: 0,004 0,00024 | F105: 2.38
B106: 13. 411-0001 | C106: Вода | D106: м3 | E106: 1,13 0,0678 | F106: 4.88 | J106: 0.33
A107: 13 | B107: ТЕР22-05-003-01 Постан.Правит.Свердл.обл. от 10.11.10 №1616-ПП | C107: Протаскивание в футляр стальных труб диаметром: до 100 мм НР (23,26 руб.): 130% от ФОТ (17,89 руб.) СП (15,92 руб.): 89% от ФОТ (17,89 руб.) | D107: 100 м трубы, уложенной в футляр | E107: 0,015 1,5/100 | F107: 2376.06 | G107: 1143.62 | H107: 57.16 | J107: 35.64 | K107: 17.15 | L107: 0.86 | N107: 84.4 | O107: 1.27
...

Sheet 02-01-02
A1: СОГЛАСОВАНО: | M1: УТВЕРЖДАЮ:
A4: _________________ | M4: _________________
A5: " _____ " ________________ 2013 г. | M5: "____" ______________2013 г.
H6: 049-12-00 Газоснабжение водогрейных котлов лесосушильных комплексов СМ-15, г.Лесной
H7: (наименование стройки)
H9: ЛОКАЛЬНЫЙ СМЕТНЫЙ РАСЧЕТ № ЛСР 02-01-02
H10: (локальная смета)
C12: на | D12: Автоматизация ГСВ
H13: (наименование работ и затрат, наименование объекта)
D15: Основание: чертежи и спецификация 049-12-00 АГСВ
D16: Сметная стоимость _______________________________________________________________________________________________ | J16: ___________________________18,767 | L16: тыс. руб.
D17: строительных работ _______________________________________________________________________________________________ | J17: _______________________________________________________________________________________________1,256 | L17: тыс. руб.
D18: монтажных работ _______________________________________________________________________________________________ | J18: _______________________________________________________________________________________________10,094 | L18: тыс. руб.
D19: оборудования _______________________________________________________________________________________________ | J19: _______________________________________________________________________________________________7,418 | L19: тыс. руб.
D20: Средства на оплату труда _______________________________________________________________________________________________ | J20: ___________________________2,196 | L20: тыс. руб.
D21: Сметная трудоемкость _______________________________________________________________________________________________ | J21: _______________________________________________________________________________________________158,05 | L21: чел.час
D22: Составлен(а) в ценах по состоянию на 01.01.2001г.
A25: № пп | B25: Обосно- вание | C25: Наименование | D25: Ед. изм. | E25: Кол. на ед./ всего | F25: Стоимость единицы, руб. | J25: Общая стоимость, руб. | N25: Т/з осн. раб.на ед. | O25: Т/з осн. раб. Всего | P25: Т/з мех. на ед. | Q25: Т/з мех. Всего
F26: Всего | G26: В том числе | J26: Всего | K26: В том числе
G27: Осн.З/п | H27: Эк.Маш | I27: З/пМех | K27: Осн.З/п | L27: Эк.Маш | M27: З/пМех
A28: 1 | B28: 2 | C28: 3 | D28: 4 | E28: 5 | F28: 6 | G28: 7 | H28: 8 | I28: 9 | J28: 10 | K28: 11 | L28: 12 | M28: 13 | N28: 14 | O28: 15 | P28: 16 | Q28: 17
A29: Раздел 1. Монтажные работы
A30: 1 | B30: ТЕРм11-02-001-01 Постан.Правит.Свердл.обл. от 10.11.10 №1616-ПП | C30: Прибор, устанавливаемый на резьбовых соединениях, масса до 1,5 кг НР (60,06 руб.): 80% от ФОТ (75,07 руб.) СП (45,04 руб.): 60% от ФОТ (75,07 руб.) | D30: 1 шт. | E30: 5 1+1+3 | F30: 15.88 | G30: 14.39 | J30: 79.4 | K30: 71.95 | N30: 1.03 | O30: 5.15
C31: Затраты труда рабочих (ср 4,2) | D31: чел.час | E31: 1,03 5,15 | F31: 13.97 | G31: 13.97 | J31: 71.95 | K31: 71.95
B32: 1. 509-2160 | C32: Прокладки паронитовые | D32: кг | E32: 0,042 0,21 | F32: 28.56 | J32: 6
B33: 2. 999-9950 | C33: Вспомогательные ненормируемые ресурсы | D33: руб. | E33: 0,29 1,45 | F33: 1 | J33: 1.45
A34: 2 | B34: ТЕРм10-01-039-06 Постан.Правит.Свердл.обл. от 10.11.10 №1616-ПП | C34: Реле, ключ, кнопка и др. с подготовкой места установки НР (681,7 руб.): 80% от ФОТ (852,12 руб.) СП (511,27 руб.): 60% от ФОТ (852,12 руб.) | D34: 1 шт. | E34: 34 2+10+2+2+8+10 | F34: 24.5 | G34: 24.02 | J34: 833 | K34: 816.68 | N34: 2 | O34: 68
C35: Затраты труда рабочих (ср 3) | D35: чел.час | E35: 2 68 | F35: 12.01 | G35: 12.01 | J35: 816.68 | K35: 816.68
B36: 1. 999-9950 | C36: Вспомогательные ненормируемые ресурсы | D36: руб. | E36: 0,48 16,32 | F36: 1 | J36: 16.32
A37: 3 | B37: Прайс Finder | C37: Реле промежуточное 55.34.8.230.0040 Цена: 198,4/1,18/5,56 | D37: шт | E37: 10 | F37: 30.24 | J37: 302.4
A38: 4 | B38: Прайс ИЭК | C38: Кнопка с 1 перекидным контактом (красный и черный цвет) ABLF-22 Цена: 178,5/1,18/5,56 | D38: шт | E38: 4 2+2 | F38: 27.21 | J38: 108.84
A39: 5 | B39: Прайс ИЭК | C39: Светодиодные матрицы AD22-22DS Цена: 200/1,18/5,56 | D39: шт | E39: 8 | F39: 30.48 | J39: 243.84
A40: 6 | B40: ТЕРм10-04-030-04 Постан.Правит.Свердл.обл. от 10.11.10 №1616-ПП | C40: Дополнительная установка на пультах и панелях колодки клеммной на 20 клемм НР (110,49 руб.): 92% от ФОТ (120,1 руб.) СП (78,07 руб.): 65% от ФОТ (120,1 руб.) | D40: 1 шт. | E40: 10 | F40: 27.06 | G40: 11.51 | J40: 270.6 | K40: 115.1 | N40: 1 | O40: 10
C41: Затраты труда рабочих (ср 2,5) | D41: чел.час | E41: 1 10 | F41: 11.51 | G41: 11.51 | J41: 115.1 | K41: 115.1
B42: 1. 101-2073 | C42: Нитки суровые | D42: кг | E42: 0,04 0,4 | F42: 142.8 | J42: 57.12
B43: 2. 101-2493 | C43: Лента липкая изоляционная на поликасиновом компаунде марки ЛСЭПЛ, шириной 20-30 мм, толщиной от 0,14 до 0,19 мм | D43: кг | E43: 0,02 0,2 | F43: 200.94 | J43: 40.19
B44: 3. 506-1361 | C44: Припои оловянно-свинцовые бессурьмянистые марки ПОС40 | D44: кг | E44: 0,05 0,5 | F44: 111.86 | J44: 55.93
B45: 4. 999-9950 | C45: Вспомогательные ненормируемые ресурсы | D45: руб. | E45: 0,23 2,3 | F45: 1 | J45: 2.3
A46: 7 | B46: Прайс | C46: Резьбовая розетка (колодка) для рейки 10А - 250В Цена:150/1,18/5,56 | D46: шт | E46: 10 | F46: 22.86 | J46: 228.6
A47: 8 | B47: ТЕРм11-06-001-01 Постан.Правит.Свердл.обл. от 10.11.10 №1616-ПП | C47: Щиты и пульты, масса до 50 кг НР (54,26 руб.): 80% от ФОТ (67,82 руб.) СП (40,69 руб.): 60% от ФОТ (67,82 руб.) | D47: 1 шт. | E47: 1 | F47: 159.05 | G47: 64.27 | H47: 13.7 | I47: 0.73 | J47: 159.05 | K47: 64.27 | L47: 13.7 | M47: 0.73 | N47: 5.15 | O47: 5.15 | P47: 0.04 | Q47: 0.04
C48: Затраты труда рабочих (ср 3,3) | D48: чел.час | E48: 5,15 5,15 | F48: 12.48 | G48: 12.48 | J48: 64.27 | K48: 64.27
B49: 1. 021102 | C49: Краны на автомобильном ходу при работе на монтаже технологического оборудования 10 т | D49: маш.-ч | E49: 0,04 0,04 | F49: 172.79 | H49: 172.79 | I49: 18.2 | J49: 6.91 | L49: 6.91 | M49: 0.73
B50: 2. 040502 | C50: Установки для сварки ручной дуговой (постоянного тока) | D50: маш.-ч | E50: 0,23 0,23 | F50: 8.97 | H50: 8.97 | J50: 2.06 | L50: 2.06
B51: 3. 331002 | C51: Станок сверлильный | D51: маш.-ч | E51: 0,53 0,53 | F51: 2.74 | H51: 2.74 | J51: 1.45 | L51: 1.45
B52: 4. 400001 | C52: Автомобили бортовые, грузоподъемность до 5 т | D52: маш.-ч | E52: 0,03 0,03 | F52: 109.17 | H52: 109.17 | J52: 3.28 | L52: 3.28
B53: 5. 101-1111 | C53: Прокат рифленый ромбического рифления, шириной от 1 до 1,9 м из горячекатаных листов с обрезными кромками сталь С235, толщиной 4 мм | D53: т | E53: 0,007 0,007 | F53: 5970.5 | J53: 41.79
B54: 6. 101-1292 | C54: Уайт-спирит | D54: т | E54: 1E-5 1E-5 | F54: 7161.42 | J54: 0.07
B55: 7. 101-1513 | C55: Электроды диаметром 4 мм Э42 | D55: т | E55: 0,00012 0,00012 | F55: 10504.65 | J55: 1.26
B56: 8. 101-2039 | C56: Болты с гайками и шайбами оцинкованные, диаметр 12 мм | D56: кг | E56: 0,2378 0,2378 | F56: 23.42 | J56: 5.57
B57: 9. 101-2467 | C57: Растворитель марки Р-4 | D57: т | E57: 1E-5 1E-5 | F57: 11900 | J57: 0.12
B58: 10. 111-0120 | C58: Рамка для надписей 55х15 мм | D58: шт. | E58: 10 10 | F58: 0.5 | J58: 5
B59: 11. 113-0021 | C59: Грунтовка ГФ-021 красно-коричневая | D59: т | E59: 1E-5 1E-5 | F59: 23800 | J59: 0.24
B60: 12. 113-0227 | C60: Эмаль ХВ-124 защитная, зеленая | D60: т | E60: 2E-5 2E-5 | F60: 19170.9 | J60: 0.38
B61: 13. 201-0835 | C61: Подкладки металлические | D61: кг | E61: 3 3 | F61: 8.45 | J61: 25.35
B62: 14. 999-9950 | C62: Вспомогательные ненормируемые ресурсы | D62: руб. | E62: 1,29 1,29 | F62: 1 | J62: 1.29
A63: 9 | B63: ТЕРм08-03-526-01 Постан.Правит.Свердл.обл. от 10.11.10 №1616-ПП | C63: Автомат одно-, двух-, трехполюсный, устанавливаемый на конструкции на стене или колонне, на ток до 25 А НР (41,43 руб.): 95% от ФОТ (43,61 руб.) СП (28,35 руб.): 65% от ФОТ (43,61 руб.) | D63: 1 шт. | E63: 2 | F63: 174.77 | G63: 20.9 | H63: 1.28 | J63: 349.54 | K63: 41.8 | L63: 2.56 | N63: 1.56 | O63: 3.12
C64: Затраты труда рабочих (ср 3,9) | D64: чел.час | E64: 1,56 3,12 | F64: 13.4 | G64: 13.4 | J64: 41.81 | K64: 41.81
B65: 1. 040502 | C65: Установки для сварки ручной дуговой (постоянного тока) | D65: маш.-ч | E65: 0,13 0,26 | F65: 8.97 | H65: 8.97 | J65: 2.33 | L65: 2.33
B66: 2. 330206 | C66: Дрели электрические | D66: маш.-ч | E66: 0,04 0,08 | F66: 2.86 | H66: 2.86 | J66: 0.23 | L66: 0.23
B67: 3. 101-1665 | C67: Лак электроизоляционный 318 | D67: кг | E67: 0,006 0,012 | F67: 35.7 | J67: 0.43
B68: 4. 101-1699 | C68: Патроны для пристрелки | D68: 10 шт. | E68: 1,22 2,44 | F68: 25.12 | J68: 61.29
B69: 5. 101-1924 | C69: Электроды диаметром 4 мм Э42А | D69: кг | E69: 0,07 0,14 | F69: 11.66 | J69: 1.63
B70: 6. 101-1964 | C70: Шпагат бумажный | D70: кг | E70: 0,001 0,002 | F70: 20.3 | J70: 0.04
B71: 7. 101-1977 | C71: Болты с гайками и шайбами строительные | D71: кг | E71: 0,049 0,098 | F71: 16.8 | J71: 1.65
B72: 8. 101-2143 | C72: Краска | D72: кг | E72: 0,036 0,072 | F72: 29.75 | J72: 2.14
B73: 9. 101-2365 | C73: Нитки швейные | D73: кг | E73: 0,001 0,002 | F73: 142.8 | J73: 0.29
B74: 10. 101-2493 | C74: Лента липкая изоляционная на поликасиновом компаунде марки ЛСЭПЛ, шириной 20-30 мм, толщиной от 0,14 до 0,19 мм | D74: кг | E74: 0,012 0,024 | F74: 200.94 | J74: 4.82
B75: 11. 101-3911 | C75: Дюбели для пристрелки стальные | D75: 10 шт. | E75: 1,22 2,44 | F75: 9.04 | J75: 22.06
B76: 12. 101-3914 | C76: Дюбели распорные полипропиленовые | D76: 100 шт. | E76: 0,014 0,028 | F76: 92.85 | J76: 2.6
B77: 13. 111-0086 | C77: Бирки маркировочные | D77: 100 шт. | E77: 0,02 0,04 | F77: 47.59 | J77: 1.9
B78: 14. 201-0843 | C78: Конструкции стальные индивидуальные решетчатые сварные массой до 0,1 т | D78: т | E78: 0,001 0,002 | F78: 16144.61 | J78: 32.29
... B82: 18. 999-9950 | C82: Вспомогательные ненормируемые ресурсы | D82: руб. | E82: 0,42 0,84 | F82: 1 | J82: 0.84
A83: 10 | B83: ТЕРм10-04-030-04 Постан.Правит.Свердл.обл. от 10.11.10 №1616-ПП применительно | C83: Дополнительная установка на пультах и панелях колодки клеммной на 20 клемм НР (298,32 руб.): 92% от ФОТ (324,26 руб.) СП (210,77 руб.): 65% от ФОТ (324,26 руб.) | D83: 1 шт. | E83: 27 | F83: 27.06 | G83: 11.51 | J83: 730.62 | K83: 310.77 | N83: 1 | O83: 27
C84: Затраты труда рабочих (ср 2,5) | D84: чел.час | E84: 1 27 | F84: 11.51 | G84: 11.51 | J84: 310.77 | K84: 310.77
B85: 1. 101-2073 | C85: Нитки суровые | D85: кг | E85: 0,04 1,08 | F85: 142.8 | J85: 154.22
B86: 2. 101-2493 | C86: Лента липкая изоляционная на поликасиновом компаунде марки ЛСЭПЛ, шириной 20-30 мм, толщиной от 0,14 до 0,19 мм | D86: кг | E86: 0,02 0,54 | F86: 200.94 | J86: 108.51
B87: 3. 506-1361 | C87: Припои оловянно-свинцовые бессурьмянистые марки ПОС40 | D87: кг | E87: 0,05 1,35 | F87: 111.86 | J87: 151.01
B88: 4. 999-9950 | C88: Вспомогательные ненормируемые ресурсы | D88: руб. | E88: 0,23 6,21 | F88: 1 | J88: 6.21
A89: 11 | B89: Прайс АВВ | C89: Клеммная колодка Цена: 60/1,18/5,56 | D89: шт | E89: 27 | F89: 9.15 | J89: 247.05
A90: 12 | B90: ТЕРм10-02-016-06 Постан.Правит.Свердл.обл. от 10.11.10 №1616-ПП | C90: Отдельно устанавливаемый преобразователь или блок питания НР (137,42 руб.): 80% от ФОТ (171,78 руб.) СП (103,07 руб.): 60% от ФОТ (171,78 руб.) | D90: 1 шт. | E90: 1 | F90: 256.7 | G90: 157.76 | H90: 33.83 | I90: 6.87 | J90: 256.7 | K90: 157.76 | L90: 33.83 | M90: 6.87 | N90: 10.1 | O90: 10.1 | P90: 0.44 | Q90: 0.44
C91: Затраты труда рабочих (ср 5) | D91: чел.час | E91: 10,1 10,1 | F91: 15.62 | G91: 15.62 | J91: 157.76 | K91: 157.76
B92: 1. 030101 | C92: Автопогрузчики 5 т | D92: маш.-ч | E92: 0,44 0,44 | F92: 76.88 | H92: 76.88 | I92: 15.62 | J92: 33.83 | L92: 33.83 | M92: 6.87
B93: 2. 101-1665 | C93: Лак электроизоляционный 318 | D93: кг | E93: 0,03 0,03 | F93: 35.7 | J93: 1.07
B94: 3. 101-1959 | C94: Краска водоэмульсионная ВЭАК-1180 | D94: т | E94: 2E-5 2E-5 | F94: 16629.06 | J94: 0.33
B95: 4. 101-1963 | C95: Канифоль сосновая | D95: кг | E95: 0,01 0,01 | F95: 23.8 | J95: 0.24
B96: 5. 101-1977 | C96: Болты с гайками и шайбами строительные | D96: кг | E96: 0,3 0,3 | F96: 16.8 | J96: 5.04
B97: 6. 101-2206 | C97: Дюбели пластмассовые с шурупами 12х70 мм | D97: 10 шт. | E97: 1 1 | F97: 16.5 | J97: 16.5
B98: 7. 101-2493 | C98: Лента липкая изоляционная на поликасиновом компаунде марки ЛСЭПЛ, шириной 20-30 мм, толщиной от 0,14 до 0,19 мм | D98: кг | E98: 0,02 0,02 | F98: 200.94 | J98: 4.02
B99: 8. 110-0113 | C99: Скрепы 10х2 | D99: кг | E99: 0,02 0,02 | F99: 20.4 | J99: 0.41
B100: 9. 405-0219 | C100: Гипсовые вяжущие, марка Г3 | D100: т | E100: 0,0003 0,0003 | F100: 784.21 | J100: 0.24
B101: 10. 506-0855 | C101: Проволока медная круглая электротехническая ММ (мягкая) диаметром 1,0-3,0 мм и выше | D101: т | E101: 0,0001 0,0001 | F101: 40299 | J101: 4.03
B102: 11. 506-1361 | C102: Припои оловянно-свинцовые бессурьмянистые марки ПОС40 | D102: кг | E102: 0,06 0,06 | F102: 111.86 | J102: 6.71
B103: 12. 507-0702 | C103: Трубка полихлорвиниловая ПХВ-305 диаметром 6-10 мм | D103: кг | E103: 0,08 0,08 | F103: 38.34 | J103: 3.07
B104: 13. 509-0056 | C104: Наконечники кабельные П2.5-4Д-МУ3 | D104: шт. | E104: 10 10 | F104: 2.03 | J104: 20.3
B105: 14. 999-9950 | C105: Вспомогательные ненормируемые ресурсы | D105: руб. | E105: 3,16 3,16 | F105: 1 | J105: 3.16
A106: 13 | B106: ТЕРм08-03-593-05 Постан.Правит.Свердл.обл. от 10.11.10 №1616-ПП | C106: Светильник потолочный или настенный с креплением винтами или болтами для помещений с тяжелыми условиями среды, уплотненный НР (38,55 руб.): 95% от ФОТ (40,58 руб.) СП (26,38 руб.): 65% от ФОТ (40,58 руб.) | D106: 100 шт. | E106: 0,02 2/100 | F106: 5119.74 | G106: 1304.8 | H106: 1670.22 | I106: 639.34 | J106: 102.39 | K106: 26.1 | L106: 33.4 | M106: 12.79 | N106: 93.4 | O106: 1.87 | P106: 40.8 | Q106: 0.82
C107: Затраты труда рабочих (ср 4,2) | D107: чел.час | E107: 93,4 1,87 | F107: 13.97 | G107: 13.97 | J107: 26.12 | K107: 26.12
B108: 1. 021102 | C108: Краны на автомобильном ходу при работе на монтаже технологического оборудования 10 т | D108: маш.-ч | E108: 0,8 0,02 | F108: 172.79 | H108: 172.79 | I108: 18.2 | J108: 3.46 | L108: 3.46 | M108: 0.36
B109: 2. 030902 | C109: Подъемники гидравлические высотой подъема 10 м | D109: маш.-ч | E109: 40 0,8 | F109: 34.08 | H109: 34.08 | I109: 15.62 | J109: 27.26 | L109: 27.26 | M109: 12.5
B110: 3. 330206 | C110: Дрели электрические | D110: маш.-ч | E110: 25,6 0,51 | F110: 2.86 | H110: 2.86 | J110: 1.46 | L110: 1.46
...

Sheet 02-01-03
A1: СОГЛАСОВАНО: | M1: УТВЕРЖДАЮ:
A4: _________________ | M4: _________________
A5: " _____ " ________________ 2013 г. | M5: "____" ______________2013 г.
H6: 049-12-00 Газоснабжение водогрейных котлов лесосушильных комплексов СМ-15, г.Лесной
H7: (наименование стройки)
H9: ЛОКАЛЬНЫЙ СМЕТНЫЙ РАСЧЕТ № ЛСР 02-01-03
H10: (локальная смета)
C12: на | D12: Молниезащита и заземление
H13: (наименование работ и затрат, наименование объекта)
D15: Основание: чертежи и спецификация 049-12-00- ЭГ
D16: Сметная стоимость _______________________________________________________________________________________________ | J16: ___________________________0,853 | L16: тыс. руб.
D17: строительных работ _______________________________________________________________________________________________ | J17: _______________________________________________________________________________________________0,128 | L17: тыс. руб.
D18: монтажных работ _______________________________________________________________________________________________ | J18: _______________________________________________________________________________________________0,725 | L18: тыс. руб.
D19: Средства на оплату труда _______________________________________________________________________________________________ | J19: ___________________________0,108 | L19: тыс. руб.
D20: Сметная трудоемкость _______________________________________________________________________________________________ | J20: _______________________________________________________________________________________________6,87 | L20: чел.час
D21: Составлен(а) в ценах по состоянию на 01.01.2001г.
A24: № пп | B24: Обосно- вание | C24: Наименование | D24: Ед. изм. | E24: Кол. на ед./ всего | F24: Стоимость единицы, руб. | J24: Общая стоимость, руб. | N24: Т/з осн. раб.на ед. | O24: Т/з осн. раб. Всего | P24: Т/з мех. на ед. | Q24: Т/з мех. Всего
F25: Всего | G25: В том числе | J25: Всего | K25: В том числе
G26: Осн.З/п | H26: Эк.Маш | I26: З/пМех | K26: Осн.З/п | L26: Эк.Маш | M26: З/пМех
A27: 1 | B27: 2 | C27: 3 | D27: 4 | E27: 5 | F27: 6 | G27: 7 | H27: 8 | I27: 9 | J27: 10 | K27: 11 | L27: 12 | M27: 13 | N27: 14 | O27: 15 | P27: 16 | Q27: 17
A28: Раздел 1. Земляные работы
A29: 1 | B29: ТЕР01-01-009-24 Постан.Правит.Свердл.обл. от 10.11.10 №1616-ПП | C29: Разработка траншей экскаватором «обратная лопата» с ковшом вместимостью 0,25 м3, группа грунтов 3 НР (8,09 руб.): 95% от ФОТ (8,52 руб.) СП (4,26 руб.): 50% от ФОТ (8,52 руб.) | D29: 1000 м3 грунта | E29: 0,007 7/1000 | F29: 6287.78 | H29: 6287.78 | I29: 1167.28 | J29: 44.01 | L29: 44.01 | M29: 8.17 | P29: 74.73 | Q29: 0.52
B30: 1. 060337 | C30: Экскаваторы одноковшовые дизельные на пневмоколесном ходу при работе на других видах строительства 0,25 м3 | D30: маш.-ч | E30: 74,73 0,52 | F30: 84.14 | H30: 84.14 | I30: 15.62 | J30: 43.75 | L30: 43.75 | M30: 8.12
A31: 2 | B31: ТЕР01-01-033-02 Постан.Правит.Свердл.обл. от 10.11.10 №1616-ПП | C31: Засыпка траншей и котлованов с перемещением грунта до 5 м бульдозерами мощностью 59 кВт (80 л.с.), группа грунтов 2 НР (0,96 руб.): 95% от ФОТ (1,01 руб.) СП (0,51 руб.): 50% от ФОТ (1,01 руб.) | D31: 1000 м3 грунта | E31: 0,007 7/1000 | F31: 822.69 | H31: 822.69 | I31: 138.55 | J31: 5.76 | L31: 5.76 | M31: 0.97 | P31: 8.87 | Q31: 0.06
B32: 1. 070148 | C32: Бульдозеры при работе на других видах строительства 59 кВт (80 л.с.) | D32: маш.-ч | E32: 8,87 0,06 | F32: 92.75 | H32: 92.75 | I32: 15.62 | J32: 5.57 | L32: 5.57 | M32: 0.94
A33: 3 | B33: ТЕР01-02-005-01 Постан.Правит.Свердл.обл. от 10.11.10 №1616-ПП | C33: Уплотнение грунта пневматическими трамбовками, группа грунтов 1-2 НР (13,73 руб.): 95% от ФОТ (14,45 руб.) СП (7,23 руб.): 50% от ФОТ (14,45 руб.) | D33: 100 м3 уплотненного грунта | E33: 0,07 7/100 | F33: 604.71 | G33: 150.49 | H33: 454.22 | I33: 47.48 | J33: 42.33 | K33: 10.53 | L33: 31.8 | M33: 3.32 | N33: 12.53 | O33: 0.88 | P33: 3.04 | Q33: 0.21
C34: Затраты труда рабочих (ср 3) | D34: чел.час | E34: 12,53 0,88 | F34: 12.01 | G34: 12.01 | J34: 10.57 | K34: 10.57
B35: 1. 050102 | C35: Компрессоры передвижные с двигателем внутреннего сгорания давлением до 686 кПа (7 ат), производительность 5 м3/мин | D35: маш.-ч | E35: 3,04 0,21 | F35: 103.34 | H35: 103.34 | I35: 15.62 | J35: 21.7 | L35: 21.7 | M35: 3.28
B36: 2. 331100 | C36: Трамбовки пневматические при работе от передвижных компрессорных станций | D36: маш.-ч | E36: 12,18 0,85 | F36: 11.5 | H36: 11.5 | J36: 9.78 | L36: 9.78
A37: Итого прямые затраты по разделу в ценах 2001г. | J37: 92.1 | K37: 10.53 | L37: 81.57 | M37: 12.46 | O37: 0.88 | Q37: 0.79
A38: Итого прямые затраты по разделу с учетом коэффициентов к итогам (Районный к-т 1,0434 (Поз. 1-3)) | J38: 93.1 | K38: 10.99 | L38: 82.11 | M38: 13 | O38: 0.88 | Q38: 0.79
A39: Накладные расходы | J39: 22.79
A40: Сметная прибыль | J40: 12
A41: Итоги по разделу 1 Земляные работы :
A42: Земляные работы, выполняемые механизированным способом | J42: 127.89 | O42: 0.88 | Q42: 0.79
A43: Итого | J43: 127.89 | O43: 0.88 | Q43: 0.79
A44: В том числе:
A45: Машины и механизмы | J45: 82.11
A46: ФОТ | J46: 23.99
A47: Накладные расходы | J47: 22.79
A48: Сметная прибыль | J48: 12
A49: Итого по разделу 1 Земляные работы | J49: 127.89 | O49: 0.88 | Q49: 0.79
A50: Раздел 2. Заземление
A51: 4 | B51: ТЕРм08-02-472-02 Постан.Правит.Свердл.обл. от 10.11.10 №1616-ПП | C51: Заземлитель горизонтальный из стали полосовой сечением до 160 мм2 НР (44,39 руб.): 95% от ФОТ (46,73 руб.) СП (30,37 руб.): 65% от ФОТ (46,73 руб.) | D51: 100 м | E51: 0,2 20/100 | F51: 1242.52 | G51: 219.95 | H51: 92.37 | I51: 4 | J51: 248.5 | K51: 43.99 | L51: 18.47 | M51: 0.8 | N51: 16.6 | O51: 3.32 | P51: 0.22 | Q51: 0.04
C52: Затраты труда рабочих (ср 3,8) | D52: чел.час | E52: 16,6 3,32 | F52: 13.25 | G52: 13.25 | J52: 43.99 | K52: 43.99
B53: 1. 021102 | C53: Краны на автомобильном ходу при работе на монтаже технологического оборудования 10 т | D53: маш.-ч | E53: 0,22 0,04 | F53: 172.79 | H53: 172.79 | I53: 18.2 | J53: 6.91 | L53: 6.91 | M53: 0.73
B54: 2. 040502 | C54: Установки для сварки ручной дуговой (постоянного тока) | D54: маш.-ч | E54: 3,13 0,63 | F54: 8.97 | H54: 8.97 | J54: 5.65 | L54: 5.65
B55: 3. 400002 | C55: Автомобили бортовые, грузоподъемность до 8 т | D55: маш.-ч | E55: 0,22 0,04 | F55: 119.46 | H55: 119.46 | J55: 4.78 | L55: 4.78
B56: 4. 101-1889 | C56: Сталь полосовая 40х4 мм, кипящая | D56: т | E56: 0,13 0,026 | F56: 6659.79 | J56: 173.15
B57: 5. 101-1924 | C57: Электроды диаметром 4 мм Э42А | D57: кг | E57: 0,9 0,18 | F57: 11.66 | J57: 2.1
B58: 6. 113-1786 | C58: Лак битумный БТ-123 | D58: т | E58: 0,0037 0,00074 | F58: 13387.5 | J58: 9.91
B59: 7. 999-9950 | C59: Вспомогательные ненормируемые ресурсы | D59: руб. | E59: 4,4 0,88 | F59: 1 | J59: 0.88
A60: 5 | B60: ТЕРм08-02-471-04 Постан.Правит.Свердл.обл. от 10.11.10 №1616-ПП | C60: Заземлитель вертикальный из круглой стали диаметром 16 мм НР (22,28 руб.): 95% от ФОТ (23,45 руб.) СП (15,24 руб.): 65% от ФОТ (23,45 руб.) | D60: 10 шт. | E60: 0,2 2/10 | F60: 675.07 | G60: 109.84 | H60: 63.7 | I60: 2.55 | J60: 135.01 | K60: 21.97 | L60: 12.74 | M60: 0.51 | N60: 8.29 | O60: 1.66 | P60: 0.14 | Q60: 0.03
C61: Затраты труда рабочих (ср 3,8) | D61: чел.час | E61: 8,29 1,66 | F61: 13.25 | G61: 13.25 | J61: 22 | K61: 22
B62: 1. 021102 | C62: Краны на автомобильном ходу при работе на монтаже технологического оборудования 10 т | D62: маш.-ч | E62: 0,14 0,03 | F62: 172.79 | H62: 172.79 | I62: 18.2 | J62: 5.18 | L62: 5.18 | M62: 0.55
B63: 2. 040502 | C63: Установки для сварки ручной дуговой (постоянного тока) | D63: маш.-ч | E63: 2,54 0,51 | F63: 8.97 | H63: 8.97 | J63: 4.57 | L63: 4.57
B64: 3. 400002 | C64: Автомобили бортовые, грузоподъемность до 8 т | D64: маш.-ч | E64: 0,14 0,03 | F64: 119.46 | H64: 119.46 | J64: 3.58 | L64: 3.58
B65: 4. 101-1614 | C65: Сталь круглая углеродистая обыкновенного качества марки ВСт3пс5-1 диаметром 16 мм | D65: т | E65: 0,081 0,0162 | F65: 5721.78 | J65: 92.69
B66: 5. 101-1924 | C66: Электроды диаметром 4 мм Э42А | D66: кг | E66: 0,78 0,156 | F66: 11.66 | J66: 1.82
B67: 6. 113-1786 | C67: Лак битумный БТ-123 | D67: т | E67: 0,002 0,0004 | F67: 13387.5 | J67: 5.36
B68: 7. 999-9950 | C68: Вспомогательные ненормируемые ресурсы | D68: руб. | E68: 2,2 0,44 | F68: 1 | J68: 0.44
A69: 6 | B69: ТСЦ-101-1620 Постан.Правит.Свердл.обл. от 10.11.10 №1616-ПП | C69: Сталь круглая углеродистая обыкновенного качества марки ВСт3пс5-1 диаметром 20 мм | D69: т | E69: 0.025 | F69: 5524 | J69: 138.1
A70: 7 | B70: ТЕРм08-02-472-08 Постан.Правит.Свердл.обл. от 10.11.10 №1616-ПП | C70: Проводник заземляющий открыто по строительным основаниям из круглой стали диаметром 8 мм НР (13,3 руб.): 95% от ФОТ (14 руб.) СП (9,1 руб.): 65% от ФОТ (14 руб.) | D70: 100 м | E70: 0,05 5/100 | F70: 1055.6 | G70: 266.33 | H70: 62.29 | I70: 2 | J70: 52.78 | K70: 13.32 | L70: 3.11 | M70: 0.1 | N70: 20.1 | O70: 1.01 | P70: 0.11 | Q70: 0.01
C71: Затраты труда рабочих (ср 3,8) | D71: чел.час | E71: 20,1 1 | F71: 13.25 | G71: 13.25 | J71: 13.25 | K71: 13.25
B72: 1. 021102 | C72: Краны на автомобильном ходу при работе на монтаже технологического оборудования 10 т | D72: маш.-ч | E72: 0,11 0,01 | F72: 172.79 | H72: 172.79 | I72: 18.2 | J72: 1.73 | L72: 1.73 | M72: 0.18
B73: 2. 040502 | C73: Установки для сварки ручной дуговой (постоянного тока) | D73: маш.-ч | E73: 3,36 0,17 | F73: 8.97 | H73: 8.97 | J73: 1.52 | L73: 1.52
B74: 3. 400002 | C74: Автомобили бортовые, грузоподъемность до 8 т | D74: маш.-ч | E74: 0,11 0,01 | F74: 119.46 | H74: 119.46 | J74: 1.19 | L74: 1.19
B75: 4. 101-1613 | C75: Сталь круглая углеродистая обыкновенного качества марки ВСт3пс5-1 диаметром 8 мм | D75: т | E75: 0,004 0,0002 | F75: 6307 | J75: 1.26
B76: 5. 101-1627 | C76: Сталь листовая углеродистая обыкновенного качества марки ВСт3пс5 толщиной 4-6 мм | D76: т | E76: 0,04 0,002 | F76: 6190.38 | J76: 12.38
B77: 6. 101-1699 | C77: Патроны для пристрелки | D77: 10 шт. | E77: 8,2 0,41 | F77: 25.12 | J77: 10.3
B78: 7. 101-1924 | C78: Электроды диаметром 4 мм Э42А | D78: кг | E78: 0,9 0,045 | F78: 11.66 | J78: 0.52
B79: 8. 101-2143 | C79: Краска | D79: кг | E79: 2 0,1 | F79: 29.75 | J79: 2.98
B80: 9. 101-3911 | C80: Дюбели для пристрелки стальные | D80: 10 шт. | E80: 8,2 0,41 | F80: 9.04 | J80: 3.71
B81: 10. 509-0102 | C81: Скобы | D81: 10 шт. | E81: 1,5 0,075 | F81: 65.8 | J81: 4.94
B82: 11. 999-9950 | C82: Вспомогательные ненормируемые ресурсы | D82: руб. | E82: 5,33 0,2665 | F82: 1 | J82: 0.27
A83: 8 | B83: ТСЦ-101-1613 Постан.Правит.Свердл.обл. от 10.11.10 №1616-ПП | C83: Сталь круглая углеродистая обыкновенного качества марки ВСт3пс5-1 диаметром 8 мм | D83: т | E83: 0.002 | F83: 6307 | J83: 12.61
A84: Итого прямые затраты по разделу в ценах 2001г. | J84: 587 | K84: 79.28 | L84: 34.32 | M84: 1.41 | O84: 5.99 | Q84: 0.08
A85: Итого прямые затраты по разделу с учетом коэффициентов к итогам (Районный к-т 1,0434 (Поз. 4-8)) | J85: 590.5 | K85: 82.72 | L85: 34.38 | M85: 1.47 | O85: 5.99 | Q85: 0.08
A86: Накладные расходы | J86: 79.98
A87: Сметная прибыль | J87: 54.72
A88: Итоги по разделу 2 Заземление :
A89: Электромонтажные работы на других объектах | J89: 725.2 | O89: 5.99 | Q89: 0.08
A90: Итого | J90: 725.2 | O90: 5.99 | Q90: 0.08
A91: В том числе:
A92: Материалы | J92: 473.4
A93: Машины и механизмы | J93: 34.38
A94: ФОТ | J94: 84.19
A95: Накладные расходы | J95: 79.98
A96: Сметная прибыль | J96: 54.72
A97: Итого по разделу 2 Заземление | J97: 725.2 | O97: 5.99 | Q97: 0.08
A98: ИТОГИ ПО СМЕТЕ:
A99: Итого прямые затраты по смете в ценах 2001г. | J99: 679.1 | K99: 89.81 | L99: 115.89 | M99: 13.87 | O99: 6.87 | Q99: 0.87
A100: Итого прямые затраты по смете с учетом коэффициентов к итогам (Районный к-т 1,0434 (Поз. 1-8)) | J100: 683.6 | K100: 93.71 | L100: 116.49 | M100: 14.47 | O100: 6.87 | Q100: 0.87
A101: Накладные расходы | J101: 102.77
A102: Сметная прибыль | J102: 66.72
A103: Итоги по смете:
A104: Итого Строительные работы | J104: 127.89 | O104: 0.88 | Q104: 0.79
A105: Итого Монтажные работы | J105: 725.2 | O105: 5.99 | Q105: 0.08
A106: Итого | J106: 853.09 | O106: 6.87 | Q106: 0.87
A107: В том числе:
...

Sheet 06-02-04
A1: СОГЛАСОВАНО: | M1: УТВЕРЖДАЮ:
A4: _________________ | M4: _________________
A5: " _____ " ________________ 2013 г. | M5: "____" ______________2013 г.
H6: 049-12-00 Газоснабжение водогрейных котлов лесосушильных комплексов СМ-15, г.Лесной
H7: (наименование стройки)
H9: ЛОКАЛЬНЫЙ СМЕТНЫЙ РАСЧЕТ № 06-02-04
H10: (локальная смета)
C12: на | D12: Наружные газопроводы
H13: (наименование работ и затрат, наименование объекта)
D15: Основание: чертежи и спецификация № 049-12-00-ГСН
D16: Сметная стоимость _______________________________________________________________________________________________ | J16: ___________________________123,236 | L16: тыс. руб.
D17: строительных работ _______________________________________________________________________________________________ | J17: _______________________________________________________________________________________________62,251 | L17: тыс. руб.
D18: монтажных работ _______________________________________________________________________________________________ | J18: _______________________________________________________________________________________________0,472 | L18: тыс. руб.
D19: оборудования _______________________________________________________________________________________________ | J19: _______________________________________________________________________________________________60,514 | L19: тыс. руб.
D20: Средства на оплату труда _______________________________________________________________________________________________ | J20: ___________________________5,607 | L20: тыс. руб.
D21: Сметная трудоемкость _______________________________________________________________________________________________ | J21: _______________________________________________________________________________________________311,82 | L21: чел.час
D22: Составлен(а) в базовых ценах по состоянию на 01.01.2001г.
A25: № пп | B25: Обосно- вание | C25: Наименование | D25: Ед. изм. | E25: Кол. на ед./ всего | F25: Стоимость единицы, руб. | J25: Общая стоимость, руб. | N25: Т/з осн. раб.на ед. | O25: Т/з осн. раб. Всего | P25: Т/з мех. на ед. | Q25: Т/з мех. Всего
F26: Всего | G26: В том числе | J26: Всего | K26: В том числе
G27: Осн.З/п | H27: Эк.Маш | I27: З/пМех | K27: Осн.З/п | L27: Эк.Маш | M27: З/пМех
A28: 1 | B28: 2 | C28: 3 | D28: 4 | E28: 5 | F28: 6 | G28: 7 | H28: 8 | I28: 9 | J28: 10 | K28: 11 | L28: 12 | M28: 13 | N28: 14 | O28: 15 | P28: 16 | Q28: 17
A29: Раздел 1. Оборудование
A30: 1 | B30: Счёт-спецификация № 2680 | C30: Шкафной газорегуляторный пункт ГРПШ-FRG/2МВ-2Н-Р-ЭК-Г-УХЛ1 Цена: 284854/1,18/4,19 | D30: шт | E30: 1 | F30: 57613.77 | J30: 57613.77
A31: Итого прямые затраты по разделу в ценах 2001г. | J31: 57613.77
A32: Итого прямые затраты по разделу с учетом коэффициентов к итогам | J32: 60513.82
A33: Итоги по разделу 1 Оборудование :
A34: Оборудование | J34: 60513.82
A35: Итого | J35: 60513.82
A36: В том числе:
A37: Оборудование | J37: 60513.82
A38: Итого по разделу 1 Оборудование | J38: 60513.82
A39: Раздел 2. Общестроительные работы
A40: 2 | B40: ТЕР19-01-004-01 Постан.Правит.Свердл.обл. от 10.11.10 №1616-ПП | C40: Устройство установки для редуцирования давления газа НР (237,72 руб.): 128% от ФОТ (185,72 руб.) СП (154,15 руб.): 83% от ФОТ (185,72 руб.) | D40: 1 установка | E40: 1 | F40: 8388.06 | G40: 176.72 | H40: 36.75 | I40: 1.27 | J40: 8388.06 | K40: 176.72 | L40: 36.75 | M40: 1.27 | N40: 13.5 | O40: 13.5 | P40: 0.07 | Q40: 0.07
C41: Затраты труда рабочих (ср 3,7) | D41: чел.час | E41: 13,5 13,5 | F41: 13.09 | G41: 13.09 | J41: 176.72 | K41: 176.72
B42: 1. 021141 | C42: Краны на автомобильном ходу при работе на других видах строительства 10 т | D42: маш.-ч | E42: 0,07 0,07 | F42: 127.47 | H42: 127.47 | I42: 18.2 | J42: 8.92 | L42: 8.92 | M42: 1.27
B43: 2. 040502 | C43: Установки для сварки ручной дуговой (постоянного тока) | D43: маш.-ч | E43: 1,39 1,39 | F43: 8.97 | H43: 8.97 | J43: 12.47 | L43: 12.47
B44: 3. 040504 | C44: Аппарат для газовой сварки и резки | D44: маш.-ч | E44: 0,06 0,06 | F44: 1.24 | H44: 1.24 | J44: 0.07 | L44: 0.07
B45: 4. 400001 | C45: Автомобили бортовые, грузоподъемность до 5 т | D45: маш.-ч | E45: 0,14 0,14 | F45: 109.17 | H45: 109.17 | J45: 15.28 | L45: 15.28
B46: 5. 101-0324 | C46: Кислород технический газообразный | D46: м3 | E46: 0,05 0,05 | F46: 11.89 | J46: 0.59
B47: 6. 101-0384 | C47: Краски масляные и алкидные густотертые, цинковые МА-011-1 | D47: т | E47: 8E-5 8E-5 | F47: 21039.2 | J47: 1.68
B48: 7. 101-1514 | C48: Электроды диаметром 4 мм Э42А | D48: т | E48: 0,00013 0,00013 | F48: 11665.78 | J48: 1.52
B49: 8. 101-1602 | C49: Ацетилен газообразный технический | D49: м3 | E49: 0,007 0,007 | F49: 85 | J49: 0.6
B50: 9. 101-1757 | C50: Ветошь | D50: кг | E50: 0,002 0,002 | F50: 1.95
B51: 10. 101-1825 | C51: Олифа натуральная | D51: кг | E51: 0,05 0,05 | F51: 28.87 | J51: 1.44
B52: 11. 101-1974 | C52: Пигмент тертый | D52: кг | E52: 0,01 0,01 | F52: 65.81 | J52: 0.66
B53: 12. 101-2575 | C53: Болты с гайками и шайбами для санитарно-технических работ диаметром 12 мм | D53: т | E53: 0,00064 0,00064 | F53: 16456.01 | J53: 10.53
B54: 13. 103-0002 | C54: Трубы стальные сварные водогазопроводные с резьбой черные легкие (неоцинкованные) диаметр условного прохода 20 мм, толщина стенки 2,5 мм | D54: м | E54: 0,61 0,61 | F54: 14.72 | J54: 8.98
B55: 14. 103-0003 | C55: Трубы стальные сварные водогазопроводные с резьбой черные легкие (неоцинкованные) диаметр условного прохода 25 мм, толщина стенки 2,8 мм | D55: м | E55: 1,85 1,85 | F55: 20.68 | J55: 38.26
B56: 15. 103-0010 | C56: Трубы стальные сварные водогазопроводные с резьбой черные легкие (неоцинкованные) диаметр условного прохода 100 мм, толщина стенки 4 мм | D56: м | E56: 1,33 1,33 | F56: 100.13 | J56: 133.17
B57: 16. 103-1026 | C57: Трубы стальные изолированные диаметром 50 мм | D57: м | E57: 2,03 2,03 | F57: 61.88 | J57: 125.62
B58: 17. 201-0772 | C58: Конструктивные элементы вспомогательного назначения массой не более 50 кг с преобладанием толстолистовой стали без отверстий и сборосварочных операций | D58: т | E58: 0,001 0,001 | F58: 9115.17 | J58: 9.12
B59: 18. 204-0059 | C59: Анкерные детали из прямых или гнутых круглых стержней с резьбой (в комплекте с шайбами и гайками или без них), поставляемые отдельно | D59: т | E59: 0,001 0,001 | F59: 10820 | J59: 10.82
B60: 19. 301-0032 | C60: Ключ накидной | D60: шт. | E60: 1 1 | F60: 15.71 | J60: 15.71
B61: 20. 301-0042 | C61: Патрубки стальные | D61: м | E61: 0,107 0,107 | F61: 43.44 | J61: 4.65
B62: 21. 302-1237 | C62: Сгоны стальные с муфтой и контргайкой, диаметром 20 мм | D62: шт. | E62: 1 1 | F62: 14.64 | J62: 14.64
... B69: 28. 509-0966 | C69: Прокладки из паронита марки ПМБ, толщиной 1 мм, диаметром 50 мм | D69: 1000 шт. | E69: 0,001 0,001 | F69: 1428 | J69: 1.43
A70: 3 | B70: ТСЦ-302-1736 Постан.Правит.Свердл.обл. от 10.11.10 №1616-ПП | C70: Установка шкафная с регулятором давления РД-50м (с утеплением) ШП-2 | D70: шт. | E70: -1 | F70: 7642.19 | J70: -7642.19
A71: 4 | B71: ТЕР24-02-051-01 Постан.Правит.Свердл.обл. от 10.11.10 №1616-ПП | C71: Монтаж задвижки стальной фланцевой для надземной установки на газопроводах из труб условным диаметром 50 мм НР (350,9 руб.): 130% от ФОТ (269,92 руб.) СП (240,23 руб.): 89% от ФОТ (269,92 руб.) | D71: 1 задвижка | E71: 3 | F71: 505.08 | G71: 86.23 | H71: 58.97 | J71: 1515.24 | K71: 258.69 | L71: 176.91 | N71: 5.91 | O71: 17.73
C72: Затраты труда рабочих (ср 4,5) | D72: чел.час | E72: 5,91 17,73 | F72: 14.59 | G72: 14.59 | J72: 258.68 | K72: 258.68
B73: 1. 040202 | C73: Агрегаты сварочные передвижные с номинальным сварочным током 250-400 А с дизельным двигателем | D73: маш.-ч | E73: 2,45 7,35 | F73: 16.31 | H73: 16.31 | J73: 119.88 | L73: 119.88
B74: 2. 040504 | C74: Аппарат для газовой сварки и резки | D74: маш.-ч | E74: 0,8 2,4 | F74: 1.24 | H74: 1.24 | J74: 2.98 | L74: 2.98
B75: 3. 330301 | C75: Машины шлифовальные электрические | D75: маш.-ч | E75: 0,5 1,5 | F75: 5.46 | H75: 5.46 | J75: 8.19 | L75: 8.19
B76: 4. 400001 | C76: Автомобили бортовые, грузоподъемность до 5 т | D76: маш.-ч | E76: 0,14 0,42 | F76: 109.17 | H76: 109.17 | J76: 45.85 | L76: 45.85
B77: 5. 101-0324 | C77: Кислород технический газообразный | D77: м3 | E77: 0,3 0,9 | F77: 11.89 | J77: 10.7
B78: 6. 101-0830 | C78: Пудра алюминиевая, марки ПП-1 | D78: т | E78: 2E-5 6E-5 | F78: 30118.79 | J78: 1.81
B79: 7. 101-1514 | C79: Электроды диаметром 4 мм Э42А | D79: т | E79: 0,00072 0,00216 | F79: 11665.78 | J79: 25.2
B80: 8. 101-1714 | C80: Болты с гайками и шайбами строительные | D80: т | E80: 0,00075 0,00225 | F80: 16800 | J80: 37.8
B81: 9. 101-2278 | C81: Пропан-бутан, смесь техническая | D81: кг | E81: 0,06 0,18 | F81: 9.16 | J81: 1.65
B82: 10. 103-0136 | C82: Трубы стальные электросварные прямошовные со снятой фаской из стали марок БСт2кп-БСт4кп и БСт2пс-БСт4пс наружный диаметр 48 мм, толщина стенки 3,0 мм | D82: м | E82: 5,8 17,4 | F82: 28.52 | J82: 496.25
B83: 11. 113-0026 | C83: Грунтовка ФЛ-03К коричневая | D83: т | E83: 0,00018 0,00054 | F83: 41272.77 | J83: 22.29
B84: 12. 113-0095 | C84: Лак кремнийорганический термостойкий марки ПФ-170 | D84: т | E84: 0,00018 0,00054 | F84: 21744 | J84: 11.74
B85: 13. 507-0966 | C85: Фланцы стальные плоские приварные из стали ВСт3сп2, ВСт3сп3, давлением 0,6 МПа (6 кгс/см2), диаметром 50 мм | D85: шт. | E85: 2 6 | F85: 35.9 | J85: 215.4
B86: 14. 507-1973 | C86: Отводы 90 град. с радиусом кривизны R=1,5 Ду на Ру до 16 МПа (160 кгс/см2), диаметром условного прохода 50 мм, наружным диаметром 57 мм, толщиной стенки 3 мм | D86: шт. | E86: 4 12 | F86: 21.4 | J86: 256.8
A87: 5 | B87: ТСЦ-507-1973 Постан.Правит.Свердл.обл. от 10.11.10 №1616-ПП | C87: Отводы 90 град. с радиусом кривизны R=1,5 Ду на Ру до 16 МПа (160 кгс/см2), диаметром условного прохода 50 мм, наружным диаметром 57 мм, толщиной стенки 3 мм | D87: шт. | E87: -12 | F87: 21.4 | J87: -256.8
A88: 6 | B88: ТСЦ-103-0136 Постан.Правит.Свердл.обл. от 10.11.10 №1616-ПП | C88: Трубы стальные электросварные прямошовные со снятой фаской из стали марок БСт2кп-БСт4кп и БСт2пс-БСт4пс наружный диаметр 48 мм, толщина стенки 3,0 мм | D88: м | E88: -17.4 | F88: 28.52 | J88: -496.25
A89: 7 | B89: Прайс-лист ЭПО Сигнал | C89: Кран шаровой Ду 50 фланцевый КШ 50/16 Цена: 1800/1,18/5,56 | D89: шт | E89: 3 | F89: 274.36 | J89: 823.08
A90: 8 | B90: ТЕР24-01-033-01 Постан.Правит.Свердл.обл. от 10.11.10 №1616-ПП | C90: Установка вентилей и клапанов обратных муфтовых диаметром до 20 мм НР (29,13 руб.): 130% от ФОТ (22,41 руб.) СП (19,94 руб.): 89% от ФОТ (22,41 руб.) | D90: 1 шт. | E90: 2 | F90: 38.81 | G90: 10.74 | J90: 77.62 | K90: 21.48 | N90: 0.84 | O90: 1.68
C91: Затраты труда рабочих (ср 3,5) | D91: чел.час | E91: 0,84 1,68 | F91: 12.78 | G91: 12.78 | J91: 21.47 | K91: 21.47
B92: 1. 101-0388 | C92: Краски масляные земляные марки МА-0115 мумия, сурик железный | D92: т | E92: 2E-5 4E-5 | F92: 16871.82 | J92: 0.68
B93: 2. 101-1669 | C93: Очес льняной | D93: кг | E93: 0,007 0,014 | F93: 40.45 | J93: 0.57
B94: 3. 101-1825 | C94: Олифа натуральная | D94: кг | E94: 0,007 0,014 | F94: 28.87 | J94: 0.4
B95: 4. 302-1342 | C95: Вентили проходные муфтовые 15кч18п для воды давлением 1,6 МПа (16 кгс/см2), диаметром 20 мм | D95: шт. | E95: 1 2 | F95: 27.25 | J95: 54.5
A96: 9 | B96: ТСЦ-302-1342 Постан.Правит.Свердл.обл. от 10.11.10 №1616-ПП | C96: Вентили проходные муфтовые 15кч18п для воды давлением 1,6 МПа (16 кгс/см2), диаметром 20 мм | D96: шт. | E96: -2 | F96: 27.25 | J96: -54.5
A97: 10 | B97: ТСЦ-302-1831 Постан.Правит.Свердл.обл. от 10.11.10 №1616-ПП | C97: Кран шаровой муфтовый 11Б27П1, диаметром 15 мм | D97: шт. | E97: 1 | F97: 25.14 | J97: 25.14
A98: 11 | B98: ТСЦ-302-1832 Постан.Правит.Свердл.обл. от 10.11.10 №1616-ПП | C98: Кран шаровой муфтовый 11Б27П1, диаметром 20 мм | D98: шт. | E98: 1 | F98: 39.32 | J98: 39.32
A99: 12 | B99: ТЕР22-03-014-01 Постан.Правит.Свердл.обл. от 10.11.10 №1616-ПП | C99: Приварка фланцев к стальным трубопроводам диаметром 50 мм НР (52,57 руб.): 130% от ФОТ (40,44 руб.) СП (35,99 руб.): 89% от ФОТ (40,44 руб.) | D99: 1 фланец | E99: 4 | F99: 85.43 | G99: 5.78 | H99: 34.57 | I99: 3.91 | J99: 341.72 | K99: 23.12 | L99: 138.28 | M99: 15.64 | N99: 0.37 | O99: 1.48 | P99: 0.25 | Q99: 1
C100: Затраты труда рабочих (ср 5) | D100: чел.час | E100: 0,37 1,48 | F100: 15.62 | G100: 15.62 | J100: 23.12 | K100: 23.12
B101: 1. 150202 | C101: Агрегаты сварочные двухпостовые для ручной сварки на тракторе 79 кВт (108 л.с.) | D101: маш.-ч | E101: 0,25 1 | F101: 138.27 | H101: 138.27 | I101: 15.62 | J101: 138.27 | L101: 138.27 | M101: 15.62
B102: 2. 101-1513 | C102: Электроды диаметром 4 мм Э42 | D102: т | E102: 0,0001 0,0004 | F102: 10504.65 | J102: 4.2
B103: 3. 507-0983 | C103: Фланцы стальные плоские приварные из стали ВСт3сп2, ВСт3сп3, давлением 1,0 МПа (10 кгс/см2), диаметром 50 мм | D103: шт. | E103: 1 4 | F103: 44.03 | J103: 176.12
A104: 13 | B104: ТСЦ-507-0983 Постан.Правит.Свердл.обл. от 10.11.10 №1616-ПП | C104: Фланцы стальные плоские приварные из стали ВСт3сп2, ВСт3сп3, давлением 1,0 МПа (10 кгс/см2), диаметром 50 мм | D104: шт. | E104: -4 | F104: 44.03 | J104: -176.12
A105: 14 | B105: ТСЦ-507-2834 Постан.Правит.Свердл.обл. от 10.11.10 №1616-ПП | C105: Соединения изолирующие фланцевые на условное давление 0,6 мПа для труб диаметром до 50 мм | D105: компл. | E105: 4 | F105: 353.23 | J105: 1412.92
A106: 15 | B106: ТЕР24-02-080-01 Постан.Правит.Свердл.обл. от 10.11.10 №1616-ПП применительно | C106: Установка импульсов условным диаметром до 50 мм НР (78,2 руб.): 130% от ФОТ (60,15 руб.) СП (53,53 руб.): 89% от ФОТ (60,15 руб.) | D106: 1 свеча | E106: 1 | F106: 323.31 | G106: 48.91 | H106: 97.77 | I106: 8.74 | J106: 323.31 | K106: 48.91 | L106: 97.77 | M106: 8.74 | N106: 3.78 | O106: 3.78 | P106: 0.48 | Q106: 0.48
C107: Затраты труда рабочих (ср 3,6) | D107: чел.час | E107: 3,78 3,78 | F107: 12.94 | G107: 12.94 | J107: 48.91 | K107: 48.91
B108: 1. 021141 | C108: Краны на автомобильном ходу при работе на других видах строительства 10 т | D108: маш.-ч | E108: 0,48 0,48 | F108: 127.47 | H108: 127.47 | I108: 18.2 | J108: 61.19 | L108: 61.19 | M108: 8.74
B109: 2. 040202 | C109: Агрегаты сварочные передвижные с номинальным сварочным током 250-400 А с дизельным двигателем | D109: маш.-ч | E109: 1 1 | F109: 16.31 | H109: 16.31 | J109: 16.31 | L109: 16.31
B110: 3. 040504 | C110: Аппарат для газовой сварки и резки | D110: маш.-ч | E110: 0,16 0,16 | F110: 1.24 | H110: 1.24 | J110: 0.2 | L110: 0.2
B111: 4. 331301 | C111: Вентилятор радиальный общего назначения, производительностью 15000 м3/час | D111: маш.-ч | E111: 0,34 0,34 | F111: 4.46 | H111: 4.46 | J111: 1.52 | L111: 1.52
B112: 5. 400001 | C112: Автомобили бортовые, грузоподъемность до 5 т | D112: маш.-ч | E112: 0,17 0,17 | F112: 109.17 | H112: 109.17 | J112: 18.56 | L112: 18.56
B113: 6. 101-0324 | C113: Кислород технический газообразный | D113: м3 | E113: 0,09 0,09 | F113: 11.89 | J113: 1.07
...

Sheet сводка затрат
A2: г. Лесной ФГУП "Комбинат "Электрохимприбор"
A3: СВОДКА ЗАТРАТ
A4: Монтажные работы по газоснабжению водогрейных котлов лесосушильных комплексов СМ 15, расположенных в г. Лесной
A5: Составлена в ценах по состоянию на 01.01.2000 г. с переводом в текущие
A6: № п/п | B6: Номера сметных расчетов и смет | C6: Наименование работ и затрат | D6: Сметная стоимость в руб. | H6: Общая сметная стоимость, руб.
D7: строительных работ | E7: монтажных работ | F7: оборудования, мебели и инвентаря | G7: прочих затрат
A8: 1 | B8: 2 | C8: 3 | D8: 4 | E8: 5 | F8: 6 | G8: 7 | H8: 8
A9: 1 | B9: 02-01-01 | C9: Газоснабжение (внутренние устройства) | D9: =ROUND('02-01-01'!J234,0) -> 9469 | E9: =ROUND('02-01-01'!J235,0) -> 326 | F9: 0 | G9: 0 | H9: =SUM(D9:G9) -> 9795
A10: 2 | B10: 02-01-02 | C10: Автоматизация ГСВ | D10: =ROUND('02-01-02'!J262,0) -> 1256 | E10: =ROUND('02-01-02'!J263,0) -> 10094 | F10: =ROUND('02-01-02'!J264,0) -> 7418 | G10: 0 | H10: =SUM(D10:G10) -> 18768
A11: 3 | B11: 02-01-03 | C11: Молниезащита и заземление | D11: =ROUND('02-01-03'!J104,0) -> 128 | E11: =ROUND('02-01-03'!J105,0) -> 725 | F11: 0 | G11: 0 | H11: =SUM(D11:G11) -> 853
A12: 4 | B12: 06-02-04 | C12: Наружные газопроводы | D12: =ROUND('06-02-04'!J564,0) -> 62251 | E12: =ROUND('06-02-04'!J565,0) -> 472 | F12: =ROUND('06-02-04'!J566,0) -> 60514 | G12: 0 | H12: =SUM(D12:G12) -> 123237
C13: Итого в базисных ценах 2001г. | D13: =SUM(D9:D12) -> 73104 | E13: =SUM(E9:E12) -> 11617 | F13: =SUM(F9:F12) -> 67932 | G13: =SUM(G9:G12) -> 0 | H13: =SUM(D13:G13) -> 152653
C14: Производство работ в зимнее время - 3,3%*1,1=3,63% | D14: =ROUND(D13*3.63%,0) -> 2654 | E14: =ROUND(E13*3.63%,0) -> 422 | F14: 0 | G14: 0 | H14: =SUM(D14:G14) -> 3076
C15: Итого с зимним удорожанием | D15: =SUM(D13:D14) -> 75758 | E15: =SUM(E13:E14) -> 12039 | F15: =SUM(F13:F14) -> 67932 | G15: =SUM(G13:G14) -> 0 | H15: =SUM(H13:H14) -> 155729
C16: Всего в текущих ценах 2013г. (Ксмр=5,56; Коборуд.=4,19) | D16: =ROUND(D15*5.56,0) -> 421214 | E16: =ROUND(E15*5.56,0) -> 66937 | F16: =ROUND(F15*4.19,0) -> 284635 | G16: =ROUND(G15*9.32,0) -> 0 | H16: =SUM(D16:G16) -> 772786
C17: НДС 18% | D17: =D16*18% -> 75818.52 | E17: =E16*18% -> 12048.66 | F17: =F16*18% -> 51234.3 | G17: =G16*18% -> 0 | H17: =ROUND(H16*18%,2) -> 139101.48
C18: Всего с НДС | D18: =D16+D17 -> 497032.52 | E18: =E16+E17 -> 78985.66 | F18: =F16+F17 -> 335869.3 | G18: =G16+G17 -> 0 | H18: =H16+H17 -> 911887.48

Sheet НМЦ
A1: г. Лесной ФГУП "Комбинат "Электрохимприбор"
A3: Расчет начальной (максимальной) цены
A5: Монтажные работы по газоснабжению водогрейных котлов
A6: лесосушильных комплексов СМ 15, расположенных в г. Лесной
A8: Составлен в ценах по состоянию на 01.01.2000 г. с переводом в текущие цены | G8: руб.
A9: Наименование глав ССР, объектных сметных расчетов, локальных сметных расчетов, видов работ | D9: Сметная стоимость в базисных ценах на 01.01.2000г. | E9: Текущая стоимость на момент определения начальной (максимальной) цены | F9: № обосновывающего расчета
A13: 1 | D13: 2 | E13: 3 | F13: 4
A14: Газоснабжение (внутренние устройства) | D14: ='сводка затрат'!H9 -> 9795 | E14: =ROUND('сводка затрат'!D9*5.56,0)+ROUND('сводка затрат'!E9*5.56,0)+ROUND('сводка затрат'!F9*4.19,0) -> 54461 | F14: 02-01-01
A15: Автоматизация ГСВ | D15: ='сводка затрат'!H10 -> 18768 | E15: =ROUND('сводка затрат'!D10*5.56,0)+ROUND('сводка затрат'!E10*5.56,0)+ROUND('сводка затрат'!F10*4.19,0) -> 94187 | F15: 02-01-02
A16: Молниезащита и заземление | D16: ='сводка затрат'!H11 -> 853 | E16: =ROUND('сводка затрат'!D11*5.56,0)+ROUND('сводка затрат'!E11*5.56,0)+ROUND('сводка затрат'!F11*4.19,0) -> 4743 | F16: 02-01-03
A17: Наружные газопроводы | D17: ='сводка затрат'!H12 -> 123237 | E17: =ROUND('сводка затрат'!D12*5.56,0)+ROUND('сводка затрат'!E12*5.56,0)+ROUND('сводка затрат'!F12*4.19,0) -> 602294 | F17: 06-02-04
A18: Итого: | D18: =SUM(D14:D17) -> 152653 | E18: =SUM(E14:E17) -> 755685
A19: Производство работ в зимнее время - 3,3%*1,1=3,63% | D19: ='сводка затрат'!H14 -> 3076 | E19: =ROUND(D19*5.56,0)-2 -> 17101
A20: Итого: | D20: =SUM(D18:D19) -> 155729 | E20: =SUM(E18:E19) -> 772786
A21: НДС 18% | E21: =ROUND(E20*18%,2) -> 139101.48
A22: Всего с НДС: | E22: =SUM(E20:E21) -> 911887.48
A26: Начальник отдела капитального строительства | E26: В.В. Моляков
A28: Инженер по проектно-сметной работе | E28: Т.Ш. Ковязина
A30: Согласовано отд. 028

Sheet Лист1
